 Dungeon Crawl Stone Soup version 0.30-a0-900-g23479c02f2 (webtiles) character file.

Game seed: 12301400747469359809

56 Jeffwins the Conjurer (level 4, -4/32 HPs)
             Began as a Human Wanderer on Mar 19, 2023.
             Slain by a gnoll
             ... wielding a +3 flail of protection
              (7 damage)
             ... on level 1 of the Dungeon.
             The game lasted 00:02:13 (1623 turns).

Jeffwins the Conjurer (Human Wanderer)              Turns: 1623, Time: 00:02:14

Health: -4/32      AC:  3    Str: 10    XL:     4   Next: 17%
Magic:  0/6        EV: 11    Int: 15    God:
Gold:   24         SH:  0    Dex: 14    Spells: 5/6 levels left

rFire   . . .      SeeInvis .    a - +0 spear
rCold   . . .      Faith    .    (no shield)
rNeg    . . .      Spirit   .    c - +0 robe
rPois   .          Reflect  .    (no helmet)
rElec   .          Rampage  .    e - +0 cloak
rCorr   .                        (no gloves)
Will    .....                    (no boots)
Stlth   +                        (no amulet)
HPRegen 0.25/turn                (no ring)
MPRegen 0.10/turn                (no ring)

@: very slightly contaminated, hasted, very quick
A: no striking features
a: no special abilities


You were on level 1 of the Dungeon.
You visited 1 branch of the dungeon, and saw 3 of its levels.

You collected 24 gold pieces.


   Skills:
 - Level 1.0 Fighting
 * Level 1.8 Spellcasting
 * Level 4.4 Conjurations
 * Level 1.5 Fire Magic
 - Level 2.0 Ice Magic
 + Level 2.3 Evocations


You had 5 spell levels left.
You knew the following spells:

 Your Spells              Type           Power      Damage    Failure   Level
z - Foxfire               Conj/Fire      40%        2x1d6     7%          1

Your spell library contained the following spells:

 Spells                   Type           Power      Damage    Failure   Level
 Shock                    Conj/Air       32%        1d5       9%          1
 Freeze                   Ice            28%        1d5       10%         1
 Static Discharge         Conj/Air       16%        2-3/arc   14%         2
 Hailstorm                Conj/Ice       11%        3d5       19%         3

Inventory:

Hand Weapons
 a - a +0 spear (weapon)
Armour
 c - a +0 robe (worn)
 e - a +0 cloak (worn)
Wands
 d - a wand of flame (3) (quivered)
Scrolls
 f - 2 scrolls of poison {unknown}
 g - 2 scrolls of identify {unknown}
 h - a scroll of torment {unknown}
 j - a scroll of silence {unknown}
Potions
 b - a potion of haste {@q3}

Dungeon Overview and Level Annotations

Branches:
Dungeon (3/15)

Altars:

#.# #.# #.........# #.# #.#
#.# #>###.##### #.# #.# #.#
#.# #.# #.# #.# #.#
#.###'## #.##
##.###.###.##...## ...#
...........#.....## #...
####.#.####.......## #$.#
###....###.........####...#
.........+......@g.'......#
##.....###.........###.####
##.#.#.# ##.......## #.).
...(...# ##.....## ####.#
##.##### ##...## # #.#
##'## #.# ##.###### #.#
#.......# ##.## #..####.#


You could see a gnoll.


Message History

Nothing appears to happen.
The foxfire hits the gnoll.
The gnoll is moderately wounded.
The foxfire hits the gnoll.
The gnoll is heavily wounded.
The gnoll hits you with a +3 flail of protection!
Casting: Foxfire (safe; 7% risk of failure)
Confirm with . or Enter, or press ? or * to list all spells.
You don't have enough magic to cast this spell.
Unknown command.
Casting: Foxfire (safe; 7% risk of failure)
Confirm with . or Enter, or press ? or * to list all spells.
You don't have enough magic to cast this spell.
Aiming: Throw Flame
Press: ? - help, Shift-Dir - straight line, f - gnoll
Aim: a gnoll, wielding a +3 flail of protection (heavily wounded, 75% to hit)
The puff of flame hits the gnoll.
The gnoll is heavily wounded.
The gnoll hits you with a +3 flail of protection!
* * * LOW HITPOINT WARNING * * *
Aiming: Throw Flame
Press: ? - help, Shift-Dir - straight line, f/p - gnoll
Aim: a gnoll, wielding a +3 flail of protection (heavily wounded, 75% to hit)
The puff of flame hits the gnoll but does no damage.
The gnoll is heavily wounded.
The gnoll hits you with a +3 flail of protection!
* * * LOW HITPOINT WARNING * * *
Okay, then.
You feel yourself speed up.
The gnoll hits you with a +3 flail of protection!
You die...

Skill      XL: |  1  2 |
---------------+-------+-----
Fire Magic     | 1 |  1.5
Fighting       | |  1.0
Spellcasting   | |  1.8
Conjurations   | |  4.4
Ice Magic      | |  2.0
Evocations     | |  2.3

Action                     |  1- 3 |  4- 6 || total
---------------------------+-------+-------++-------
  Melee: Spear             |    32 |       ||    32
   Cast: Foxfire           |    37 |    21 ||    58
  Evoke: Wand              |     1 |     2 ||     3
    Use: Potion            |     2 |     1 ||     3
   Stab: Sleeping          |     1 |       ||     1
 Armour: Robe              |    13 |       ||    13
  Dodge: Dodged            |    18 |     4 ||    22

Levels and vault maps discovered:
D:1:      co_arrival_square_in_a_square_in_a_square, layout_loops_corners
D:2:      minmay_razor_zed, layout_loops_corners, serial_shops, shop_fountains,
          uniq_terence, uniq_natasha
D:3:      layout_basic, mainiacjoe_overflow_small_starburst

Notes
Turn   | Place    | Note
-------+----------+-------------------------------------------
     0 | D:1      | Jeffwins the Human Wanderer began the quest for the Orb.
     0 | D:1      | Jeffwins set off with the following items: a +0 dagger, a
                  | potion of haste {@q3}, a +0 robe, a wand of flame (6); and
                  | the following spells available to memorise: Foxfire,
                  | Freeze, Shock, Static Discharge, Hailstorm.
     0 | D:1      | Reached XP level 1. HP: 15/15 MP: 2/2
     2 | D:1      | Learned a level 1 spell: Foxfire
   292 | D:1      | Reached XP level 2. HP: 21/21 MP: 1/3
   643 | D:2      | Noticed Natasha
   773 | D:2      | HP: 1/21 [Natasha/magic dart (4)]
   774 | D:2      | Killed Natasha
   775 | D:2      | Reached skill level 1 in Fire Magic
   775 | D:2      | Reached XP level 3. HP: 2/26 MP: 0/5
  1163 | D:1      | Reached XP level 4. HP: 32/32 MP: 3/6
  1622 | D:1      | HP: 2/32 [gnoll/+3 flail of protection (9)]
  1623 | D:1      | Slain by a gnoll

Vanquished Creatures
  Natasha (D:2)
  2 worms (D:2)
  6 bats (D:1)
  2 endoplasms (D:1)
  3 hobgoblins (D:1)
  2 ball pythons (D:1)
  4 goblins (D:1)
  4 kobolds (D:1)
  3 rats (D:1)
27 creatures vanquished.

Vanquished Creatures (others)
  102 foxfires
102 creatures vanquished.

Grand Total: 129 creatures vanquished

Table legend: (Time is in decaauts)
 A = Elapsed time spent in this place.
 B = Non-inter-level travel time spent in this place.
 C = Inter-level travel time spent in this place.
 D = Time resting spent in this place.
 E = Time spent auto-exploring this place.
 F = Levels seen in this place.
 G = Mean time per level.
                   A        B        C        D        E       F      G
               +--------+--------+--------+--------+--------+-----+--------+
         Total |   1626 |   1570 |     56 |     38 |   1289 |   3 |  542.0 |
       Dungeon |   1626 |   1570 |     56 |     38 |   1289 |   3 |  542.0 |
               +--------+--------+--------+--------+--------+-----+--------+

Top non-repeatable levels by time:
     D:1: 1231 daAuts
     D:2: 392 daAuts
     D:3: 1 daAuts

Table legend:
 A = Non-vault XP
 B = Vault XP
 C = Vault XP percentage of total XP
 D = Non-vault monster count
 E = Vault monster count
 F = Vault count percentage of total count
                 A         B        C        D         E       F
            +---------+---------+-------+---------+---------+-------
      Total |      46 |      35 |  43.2 |      26 |       1 |   3.7
            +---------+---------+-------+---------+---------+-------
        D:1 |      37 |       0 |   0.0 |      24 |       0 |   0.0
        D:2 |       9 |      35 |  79.5 |       2 |       1 |  33.3
            +---------+---------+-------+---------+---------+-------
